 Dungeon Crawl Stone Soup version 0.31-a0-174-g85c54bcb58 (webtiles) character file.

Game seed: 15137208235391088086

75 qw the Shooter (level 4, -2/40 HPs)
             Began as a Naga Hunter on June 15, 2023.
             Slain by a goblin
             ... wielding a +0 dagger
             ... led by Robin
              (3 damage)
             ... on level 2 of the Dungeon.
             The game lasted 00:00:28 (1218 turns).

qw the Shooter (Naga Hunter)                        Turns: 1218, Time: 00:00:29

Health: -2/40      AC:  3    Str: 13    XL:     4   Next: 31%
Magic:  4/4        EV:  9    Int: 10    God:
Gold:   118        SH:  0    Dex: 16    Spells: 3/3 levels left

rFire   . . .        Y - +0 shortbow
rCold   . . .        (shield currently unavailable)
rNeg    . . .        c - +0 leather armour
rPois   +            (no helmet)
rElec   .            (no cloak)
rCorr   .            d - +0 pair of gloves
SInv    +            (no barding)
Will    .....        (no amulet)
Stlth   ++           (no ring)
HPRegen 0.26/turn    (no ring)
MPRegen 0.09/turn

%: no passive effects
@: very slow
A: AC +1, large, see invisible, deformed body, poison resistance, slowness 2,
spit poison 1, naga tail 1
a: Spit Poison


You were on level 2 of the Dungeon.
You visited 1 branch of the dungeon, and saw 2 of its levels.

You collected 118 gold pieces.


Innate Abilities, Weirdness & Mutations

Your serpentine skin is tough. (AC +1)
You have supernaturally acute eyesight. (SInv)
Armour fits poorly on your strangely shaped body.
Your system is resistant to poisons. (rPois)
You cover ground very slowly.
You can spit poison.
You have a snake-like lower body.


   Skills:
 + Level 2.5 Fighting
 - Level 5.0 Ranged Weapons
 - Level 1.5 Dodging
 - Level 1.5 Stealth


You had 3 spell levels left.
You didn't know any spells.
Your spell library was empty.

Inventory:

Hand Weapons
 Y - a +0 shortbow (weapon)
Armour
 b - a scarf of shadows
 c - a +0 leather armour (worn)
 d - a +0 pair of gloves (worn)
Scrolls
 a - a scroll of identify
Potions
 e - a potion of attraction {unknown}
 f - a potion of mutation {unknown}
 g - a potion of cancellation
 h - a potion of brilliance {unknown}
 j - 2 potions of curing

Dungeon Overview and Level Annotations

Branches:
Dungeon (2/15)

Altars:


Message History

The hobgoblin is moderately wounded.
The goblin hits you with a +0 dagger.
Robin's bangles clink loudly.
Robin throws the goblin at you!
You shoot an arrow.
The arrow hits Robin but does no damage.
Robin is severely wounded.
The goblin hits you with a +0 dagger.
Robin zaps a wand.
The puff of flame hits you.
You shoot an arrow. The arrow hits Robin!
You kill Robin!
You have got your breath back.
The goblin hits you with a +0 dagger.
The hobgoblin hits you but does no damage.
The goblin closely misses you. The hobgoblin hits you.
1213 ||| INVOKING Spit Poison.
Aiming: Spit Poison (1% risk of failure)
Press: ? - help, Shift-Dir - straight line, f - hobgoblin The splash of poison misses the hobgoblin.
The goblin barely misses you.
The hobgoblin hits you but does no damage.
You shoot an arrow.
The arrow hits the hobgoblin but does no damage.
The hobgoblin is moderately wounded.
The goblin barely misses you. The hobgoblin barely misses you.
You shoot an arrow. The arrow barely misses the hobgoblin.
You have got your breath back.
The goblin closely misses you. The hobgoblin misses you.
1216 ||| INVOKING Spit Poison.
Aiming: Spit Poison (1% risk of failure)
Press: ? - help, Shift-Dir - straight line, f/p - hobgoblin The splash of poison misses the hobgoblin.
The goblin hits you with a +0 dagger. The hobgoblin hits you.
You shoot an arrow. The arrow hits the hobgoblin.
You kill the hobgoblin!
The goblin hits you with a +0 dagger.
You shoot an arrow. The arrow barely misses the goblin.
You have got your breath back.
The goblin hits you with a +0 dagger.
You die...

###...PPPP##
##....PP..P._
######..##...}..##
#...)..###.P.}}...
#.###### #..~..~..
#.# #....~.## #.#
#..P.%... #g#
#P....... #@#
#####.### #))# #....
....# ##.## ..%##..
######..# #.). ##.#
#......## ..)#
....#####.###### .##
#........#
##))########.....###
# .....<.....#.....#
###


You could see a goblin (strong).

Vanquished Creatures
  Robin (D:2)
  A worm (D:2)
  A dart slug (D:1)
  2 endoplasms (D:2)
  2 giant cockroaches (D:2)
  12 goblins
  10 hobgoblins
  3 jackals (D:1)
  A kobold (D:2)
  A quokka (D:2)
  5 ball pythons
  8 bats
  2 frilled lizards (D:1)
  2 rats
51 creatures vanquished.

Notes
Turn   | Place    | Note
-------+----------+-------------------------------------------
     0 | D:1      | qw the Naga Hunter began the quest for the Orb.
     0 | D:1      | Reached XP level 1. HP: 19/19 MP: 1/1
     0 | D:1      | 0 ||| qw: Version: 0.2-a-29-g511e9b1
     0 | D:1      | 0 ||| qw: Game counter: 5357
     0 | D:1      | 0 ||| qw: Always use a shield: true
     0 | D:1      | 0 ||| qw: God list: Okawaru
     0 | D:1      | 0 ||| qw: Allow faded altars: false
     0 | D:1      | 0 ||| qw: Do Orc after D:15 true
     0 | D:1      | 0 ||| qw: Do second Lair branch before Depths: true
     0 | D:1      | 0 ||| qw: Lair rune preference: random
     0 | D:1      | 0 ||| qw: Plans: Normal
     0 | D:1      | 0 ||| PLANNING D:1-11
    26 | D:1      | 26 ||| INVOKING Spit Poison.
    31 | D:1      | 31 ||| INVOKING Spit Poison.
    34 | D:1      | 34 ||| INVOKING Spit Poison.
   134 | D:1      | 134 ||| INVOKING Spit Poison.
   137 | D:1      | Reached skill level 4 in Ranged Weapons
   137 | D:1      | Reached XP level 2. HP: 21/26 MP: 2/2
   183 | D:1      | 183 ||| INVOKING Spit Poison.
   240 | D:1      | 240 ||| INVOKING Spit Poison.
   308 | D:1      | 308 ||| INVOKING Spit Poison.
   311 | D:1      | 311 ||| INVOKING Spit Poison.
   362 | D:1      | 362 ||| INVOKING Spit Poison.
   399 | D:1      | 399 ||| INVOKING Spit Poison.
   418 | D:1      | 418 ||| INVOKING Spit Poison.
   472 | D:1      | 472 ||| INVOKING Spit Poison.
   648 | D:1      | 648 ||| INVOKING Spit Poison.
   699 | D:1      | 699 ||| INVOKING Spit Poison.
   705 | D:1      | Reached XP level 3. HP: 32/32 MP: 3/3
   705 | D:1      | 705 ||| INVOKING Spit Poison.
   758 | D:1      | 758 ||| INVOKING Spit Poison.
   763 | D:1      | 763 ||| INVOKING Spit Poison.
   790 | D:1      | 790 ||| INVOKING Spit Poison.
   853 | D:1      | 853 ||| UPGRADING to +0 pair of gloves.
   858 | D:1      | 858 ||| READING scroll labelled MEOCAL AKHLEM.
   859 | D:1      | 859 ||| READING scroll labelled TUASHEATYA.
   860 | D:1      | 860 ||| READING scroll labelled PETY CUDUZXO.
   861 | D:1      | 861 ||| DRINKING 2 viscous purple potions.
   862 | D:1      | 862 ||| DRINKING 2 dark potions.
   863 | D:1      | 863 ||| DROPPING scroll of butterflies.
   889 | D:2      | 889 ||| INVOKING Spit Poison.
   918 | D:2      | 918 ||| INVOKING Spit Poison.
   924 | D:2      | 924 ||| INVOKING Spit Poison.
   939 | D:2      | 939 ||| INVOKING Spit Poison.
   945 | D:2      | 945 ||| INVOKING Spit Poison.
  1030 | D:2      | 1030 ||| INVOKING Spit Poison.
  1053 | D:2      | 1053 ||| INVOKING Spit Poison.
  1076 | D:2      | 1076 ||| INVOKING Spit Poison.
  1155 | D:2      | 1155 ||| INVOKING Spit Poison.
  1165 | D:2      | Found a faded altar of an unknown god.
  1192 | D:2      | Reached skill level 5 in Ranged Weapons
  1193 | D:2      | 1193 ||| INVOKING Spit Poison.
  1194 | D:2      | Reached XP level 4. HP: 39/39 MP: 4/4
  1194 | D:2      | Noticed Robin
  1196 | D:2      | 1196 ||| INVOKING Spit Poison.
  1200 | D:2      | 1200 ||| INVOKING Spit Poison.
  1205 | D:2      | 1205 ||| INVOKING Spit Poison.
  1208 | D:2      | 1208 ||| INVOKING Spit Poison.
  1211 | D:2      | HP: 7/39 [Robin/puff of flame (5)]
  1212 | D:2      | Killed Robin
  1212 | D:2      | HP: 3/39 [hobgoblin[Robin] (2)]
  1213 | D:2      | 1213 ||| INVOKING Spit Poison.
  1216 | D:2      | 1216 ||| INVOKING Spit Poison.
  1216 | D:2      | HP: 1/40 [hobgoblin[Robin] (1)]
  1218 | D:2      | Slain by a goblin

Levels and vault maps discovered:
D:1:      dpeg_arrival_pits, layout_loops_corners
D:2:      layout_rooms, shapermc_ecumenical_altar_mp_ritualfount, minmay_cupped,
          uniq_sigmund, uniq_robin

Skill      XL: |  1  2  3 |
---------------+----------+-----
Ranged Weapons | 4 5 |  5.0
Fighting       | |  2.5
Dodging        | |  1.5
Stealth        | |  1.5

Action                     |  1- 3 |  4- 6 || total
---------------------------+-------+-------++-------
   Fire: Shortbow          |    55 |    19 ||    74
Ability: Spit Poison       |    28 |     6 ||    34
    Use: Scroll            |     3 |       ||     3
         Potion            |     2 |       ||     2
 Armour: Leather armour    |     8 |     8 ||    16
  Dodge: Dodged            |    11 |    11 ||    22

Table legend:
 A = Non-vault XP
 B = Vault XP
 C = Vault XP percentage of total XP
 D = Non-vault monster count
 E = Vault monster count
 F = Vault count percentage of total count
                 A         B        C        D         E       F
            +---------+---------+-------+---------+---------+-------
      Total |      68 |      40 |  37.0 |      39 |      12 |  23.5
            +---------+---------+-------+---------+---------+-------
        D:1 |      42 |       0 |   0.0 |      24 |       0 |   0.0
        D:2 |      26 |      40 |  60.6 |      15 |      12 |  44.4
            +---------+---------+-------+---------+---------+-------
